 Dungeon Crawl Stone Soup version 0.24-a0-416-g56ce517 (webtiles) character file.

Game seed: 4817449006129089384

2510 Alex the Basher (level 9, -3/71 HPs)
             Began as a Minotaur Fighter on June 9, 2019.
             Was a Follower of Okawaru.
             Slain by an acid dragon (8 damage)
             ... on level 10 of the Dungeon.
             The game lasted 00:18:43 (4926 turns).

Alex the Basher (Minotaur Fighter)                  Turns: 4926, Time: 00:18:43

Health: -3/71      AC: 10    Str: 25    XL:     9   Next: 28%
Magic:  8/8        EV:  5    Int:  5    God:    Okawaru [*.....]
Gold:   285        SH: 10    Dex: 12    Spells: 8/8 levels left

rFire    . . .     SeeInvis .   h - +0 flail (protect)
rCold    . . .     Gourm    .   c - +0 shield
rNeg     . . .     Faith    .   I - +0 plate armour
rPois    .         Spirit   .   (helmet restricted)
rElec    .         Reflect  .   (no cloak)
rCorr    .         Harm     .   s - +1 pair of gloves
MR       .....                  (no boots)
Stlth    ..........             (no amulet)
HPRegen  0.21/turn              z - +3 ring of strength
MPRegen  0.11/turn              G - +1 ring of slaying

@: about to teleport, corroded, heavily drained
A: retaliatory headbutt, horns 2
a: Heroism, Renounce Religion


You were on level 10 of the Dungeon.
You worshipped Okawaru.
Okawaru was aware of your devotion.
You were not hungry.

You visited 2 branches of the dungeon, and saw 9 of its levels.

You collected 285 gold pieces.

Inventory:

Hand Weapons
 h - a +0 flail of protection (weapon)
 v - a +2 hunting sling of flaming
 y - a +4 mace
Missiles
 k - 137 stones (quivered)
 w - 54 sling bullets
Armour
 c - a +0 shield (worn)
 s - a +1 pair of gloves (worn)
 I - a +0 plate armour (worn)
Jewellery
 z - a +3 ring of strength (left hand)
 A - an uncursed amulet of harm
 G - a +1 ring of slaying (right hand)
Wands
 u - a wand of enslavement (5)
 E - a wand of random effects (12)
Scrolls
 a - a scroll of fog
 e - a scroll of amnesia
 i - a scroll of identify
Potions
 b - a potion of lignification {unknown}
 d - a potion of might
 g - a potion of heal wounds {unknown}
 j - 6 potions of mutation
 l - a potion of flight {unknown}
 m - 2 potions of agility {unknown}
 n - a potion of invisibility {unknown}
 o - a potion of resistance {unknown}
 p - 2 potions of magic {unknown}
 q - a potion of ambrosia {unknown}
 r - 5 potions of curing
 t - a potion of brilliance {unknown}
 x - a potion of degeneration {unknown}
 C - 2 potions of cancellation
Comestibles
 f - 16 rations
 D - 11 chunks of flesh


   Skills:
 - Level 4.0(2.3) Fighting
 * Level 12.4(10.3) Maces & Flails
 - Level 6.0(4.2) Armour
 - Level 1.0(0.0) Dodging
 + Level 7.3(5.5) Shields


You had 8 spell levels left.
You didn't know any spells.
Your spell library contained the following spells:

 Spells                   Type           Power        Failure   Level  Hunger
 Sting                    Conj/Pois      #...         100%        1    ##.....
 Summon Small Mammal      Summ           #...         100%        1    ##.....
 Call Imp                 Summ           #.......     100%        2    ###....
 Poisonous Vapours        Pois/Air       #.....       100%        2    ###....
 Call Canine Familiar     Summ           #.......     100%        3    ####...
 Mephitic Cloud           Conj/Pois/Air  #.......     100%        3    ####...
 Summon Guardian Golem    Hex/Summ       #.......     100%        3    ####...
 Olgreb's Toxic Radiance  Pois           #.......     100%        4    #####..
 Summon Ice Beast         Ice/Summ       #.......     100%        4    #####..
 Summon Lightning Spire   Summ/Air       #.......     100%        4    #####..
 Venom Bolt               Conj/Pois      #.........   100%        5    ######.


Dungeon Overview and Level Annotations

Branches:
Dungeon (7/15)             Temple (1/1) D:6

Altars:
Ashenzari
Cheibriados
Dithmenos
Elyvilon
Fedhas
Hepliaklqana
Makhleb
Nemelex Xobeh
Okawaru
Qazlal
Ru
Sif Muna
Trog
Uskayaw
Vehumet
Wu Jian
Xom
Yredelemnul
Zin
The Shining One

Shops:
D:6 [

Annotations:
D:4 1 runed translucent door, Atlas's ghost, amateur DsIE


Innate Abilities, Weirdness & Mutations

You reflexively headbutt those who attack you in melee.
You have a pair of horns on your head.


Message History

You block the wyvern's attack.
Remove which piece of jewellery? (? for menu, Esc to quit)
Really remove
A - an amulet of harm?
You remove your amulet of harm.
The amulet drains your life force as you remove it!
You feel drained. The basilisk gazes at you. You resist with some effort.
You block the wyvern's attack. The acid dragon spits acid at you.
The splash of acid hits you.
* * * LOW HITPOINT WARNING * * *
You are splashed with acid!
* * * LOW HITPOINT WARNING * * *
You are too injured to fight recklessly!
You are too injured to fight recklessly!
You completely miss the wyvern. The wyvern bites you.
* * * LOW HITPOINT WARNING * * *
The basilisk barely misses you. The crocodile barely misses you.
The acid dragon bites you!
You die...

# ##.## .##..#.####
### ....#...#.##..
...#..l..##.#
......D@l..#######
#
##...#t..........##
#### #.
#..#.........###...
####.#.##..........
###..##########.
#### ##


You could see a basilisk, a crocodile, a wyvern and an acid dragon.

Vanquished Creatures
  Sigmund (D:6)
  A wyvern (D:10)
  A hungry ghost (D:7)
  A black bear (D:6)
  3 sky beasts
  An orc warrior (D:7)
  A phantom (D:6)
  An ice beast (D:6)
  2 centaurs
  A crocodile (D:10)
  3 bullfrogs
  A water moccasin zombie (D:6)
  2 scorpions
  3 crimson imps
  2 hounds
  2 orc priests
  2 bullfrog skeletons (D:4)
  2 jellies
  4 orc wizards
  An iguana (D:4)
  4 worker ants
  12 adders
  4 gnolls
  2 shadow imps
  An ooze (D:1)
  An adder skeleton (D:4)
  5 worms
  5 dart slugs
  3 leopard geckos
  21 orcs
  5 bats
  4 giant cockroaches
  5 goblins
  9 hobgoblins
  6 jackals (D:1)
  2 quokkas
  4 frilled lizards
  A jackal skeleton (D:6)
  9 kobolds
  8 rats
146 creatures vanquished.

Notes
Turn   | Place    | Note
-------+----------+-------------------------------------------
     0 | D:1      | Alex the Minotaur Fighter began the quest for the Orb.
     0 | D:1      | Reached XP level 1. HP: 19/19 MP: 0/0
    44 | D:1      | Reached XP level 2. HP: 17/27 MP: 1/1
   296 | D:1      | Reached skill level 3 in Maces & Flails
   298 | D:1      | Reached XP level 3. HP: 33/33 MP: 2/2
   814 | D:1      | Reached XP level 4. HP: 29/40 MP: 3/3
   901 | D:2      | Reached skill level 4 in Maces & Flails
  1142 | D:2      | Found a hazy altar of Hepliaklqana.
  1255 | D:2      | Reached skill level 1 in Dodging
  1426 | D:2      | Reached XP level 5. HP: 45/46 MP: 4/4
  1565 | D:3      | Reached skill level 5 in Maces & Flails
  1584 | D:3      | Noticed a centaur
  1593 | D:3      | Killed a centaur
  1618 | D:3      | Reached skill level 6 in Maces & Flails
  1618 | D:3      | Reached XP level 6. HP: 42/52 MP: 5/5
  1722 | D:3      | Found a shattered altar of Ashenzari.
  1857 | D:3      | Found a white marble altar of Elyvilon.
  1932 | D:3      | Found an ornate altar of the Wu Jian Council.
  2464 | D:4      | Reached skill level 7 in Maces & Flails
  2465 | D:4      | Reached skill level 5 in Shields
  2536 | D:4      | Reached XP level 7. HP: 53/59 MP: 6/6
  2560 | D:4      | Found a shadowy altar of Dithmenos.
  2580 | D:4      | Reached skill level 5 in Armour
  2777 | D:4      | Reached skill level 8 in Maces & Flails
  2964 | D:4      | Found a stormy altar of Qazlal.
  2989 | D:4      | You fall into a shaft and drop 3 floors!
  3038 | D:7      | Noticed a hungry ghost
  3048 | D:7      | Reached skill level 9 in Maces & Flails
  3079 | D:7      | Killed a hungry ghost
  3079 | D:7      | Reached XP level 8. HP: 57/66 MP: 7/7
  3158 | D:5      | Entered Level 5 of the Dungeon
  3200 | D:4      | Found a runed translucent door.
  3223 | D:4      | Noticed Atlas's ghost (amateur DsIE)
  3254 | D:4      | You fall into a shaft and drop 3 floors!
  3736 | D:5      | Reached skill level 10 in Maces & Flails
  3967 | D:5      | Found an iron altar of Okawaru.
  3990 | D:5      | Became a worshipper of Warmaster Okawaru
  4034 | D:5      | Found a glowing silver altar of Zin.
  4034 | D:5      | Found a deep blue altar of Sif Muna.
  4237 | D:6      | Found Zoli Sar's Armour Boutique.
  4255 | D:6      | Noticed Sigmund
  4265 | D:6      | Killed Sigmund
  4265 | D:6      | Reached skill level 11 in Maces & Flails
  4366 | D:6      | Reached * piety under Okawaru
  4366 | D:6      | Reached XP level 9. HP: 71/71 MP: 8/8
  4467 | D:6      | Found a staircase to the Ecumenical Temple.
  4514 | D:6      | Found a basalt altar of Yredelemnul.
  4557 | D:6      | Reached skill level 12 in Maces & Flails
  4662 | Temple   | Entered the Ecumenical Temple
  4881 | D:7      | You fall into a shaft and drop 3 floors!
  4881 | D:10     | Entered Level 10 of the Dungeon
  4926 | D:10     | Slain by an acid dragon

Levels and vault maps discovered:
D:1:      dpeg_arrival_arbitrary_b, layout_basic, serial_forest,
          infiniplex_forest_clump_double, infiniplex_forest_lined_2,
          infiniplex_forest_straight_2, infiniplex_forest_lined_corner,
          infiniplex_forest_end_3, infiniplex_forest_corner_2
D:2:      layout_rooms, lemuel_crystal_altar, first_ration, minmay_pentomino_s2
D:3:      layout_loops_ring, marbit_many_paths, lemuel_doored_altar,
          nicolae_ashenzari_panopticon
D:4:      layout_rooms, nicolae_overflow_crystal_walls,
          nicolae_overflow_hidden_temple, ebering_ghost_sewer_d
D:5:      layout_rooms, gammafunk_temple_overflow_wave,
          okawaru_altar_gauntlet_db
D:6:      layout_cave_pools, kennysheep_mini_moat,
          minmay_temple_entry_glassed_door, serial_shops, shop, uniq_sigmund
D:7:      layout_basic, grunt_dithmenos_smoke_and_mirrors,
          uniq_crazy_yiuf_cottage
D:10:     layout_long_grid, erik_lair_dragon
Temple:   zaba_magenta_temple

Skill      XL: |  1  2  3  4  5  6  7  8  9 |
---------------+----------------------------+-----
Fighting       | 4 |  4.0
Armour         | 4 5 6 |  6.0
Maces & Flails | 3 4 6 7 9 11 12 | 12.4
Shields        | 4 5 6 7 |  7.3
Dodging        | 1 |  1.0

Action                   |  1- 3 |  4- 6 |  7- 9 || total
-------------------------+-------+-------+-------++-------
Melee: Flail             |    72 |   166 |   261 ||   499
       Headbutt          |     7 |    25 |    47 ||    79
  Use: Scroll            |       |       |    13 ||    13
 Stab: Distracted        |       |     1 |       ||     1
  Eat: Chunk             |       |     5 |     9 ||    14
       Ration            |       |       |     2 ||     2
Armor: Scale mail        |    44 |    72 |    25 ||   141
       Chain mail        |       |       |    21 ||    21
       Plate armour      |       |       |    63 ||    63
Dodge: Dodged            |    25 |    74 |    62 ||   161
Block: Shield            |    50 |    88 |   114 ||   252

Table legend:
 A = Non-vault XP
 B = Vault XP
 C = Vault XP percentage of total XP
 D = Non-vault monster count
 E = Vault monster count
 F = Vault count percentage of total count
                 A         B        C        D         E       F
            +---------+---------+-------+---------+---------+-------
      Total |    3019 |     567 |  15.8 |     135 |      11 |   7.5
            +---------+---------+-------+---------+---------+-------
        D:1 |     100 |       0 |   0.0 |      28 |       0 |   0.0
        D:2 |      95 |       2 |   2.1 |      20 |       1 |   4.8
        D:3 |     315 |      14 |   4.3 |      28 |       1 |   3.4
        D:4 |     426 |       0 |   0.0 |      20 |       0 |   0.0
        D:5 |     434 |      14 |   3.1 |      12 |       6 |  33.3
        D:6 |    1008 |     231 |  18.6 |      14 |       1 |   6.7
        D:7 |     641 |       0 |   0.0 |      13 |       0 |   0.0
       D:10 |       0 |     306 | 100.0 |       0 |       2 | 100.0
            +---------+---------+-------+---------+---------+-------
